 Dungeon Crawl Stone Soup version 0.26.0-16-gc1dbca0489 (webtiles) character file.

Game seed: 5570409453460650037

49 hatsuma the Gusty (level 3, 0/22 HPs)
             Began as a Tengu Air Elementalist on Jan 18, 2021.
             Succumbed to an adder's poison
             ... on level 2 of the Dungeon.
             The game lasted 00:10:18 (1427 turns).

hatsuma the Gusty (Tengu Air Elementalist)          Turns: 1427, Time: 00:10:18

Health: 0/22       AC:  2    Str:  9    XL:     3   Next: 77%
Magic:  1/7        EV: 12    Int: 15    God:
Gold:   93         SH:  0    Dex: 14    Spells: 0/6 levels left

rFire    . . .     SeeInvis .   d - +0 whip
rCold    . . .     Faith    .   (no shield)
rNeg     . . .     Spirit   +   a - +0 robe
rPois    .         Reflect  .   (helmet restricted)
rElec    .         Harm     .   (no cloak)
rCorr    .         Rampage  .   (no gloves)
Will     .....                  (boots unavailable)
Stlth    ++........             i - amulet of guardian spirit
HPRegen  0.07/turn              (no ring)
MPRegen  0.10/turn              (no ring)

@: lethally poisoned (0 -> -5), very slightly contaminated, hasted, invisible,
very quick
A: beak, talons 3
a: no special abilities


You were on level 2 of the Dungeon.
You visited 1 branch of the dungeon, and saw 2 of its levels.

You collected 93 gold pieces.

Inventory:

Hand Weapons
 d - a +0 whip (weapon)
Missiles
 b - 49 arrows
Armour
 a - a +0 robe (worn)
 j - a +0 leather armour
Jewellery
 h - an uncursed ring of protection from cold {unknown}
 i - an amulet of guardian spirit (around neck)
Scrolls
 c - 2 scrolls of teleportation {unknown}
 e - 2 scrolls of identify {unknown}
 f - a scroll of magic mapping {unknown}
 g - a scroll of immolation {unknown}
 l - a scroll of enchant weapon {unknown}
 m - a scroll of fog {unknown}
 o - a scroll of fear {unknown}
Potions
 k - a potion of invisibility


   Skills:
 - Level 2.4 Fighting
 - Level 1.0 Armour
 - Level 2.1 Dodging
 - Level 2.0 Stealth
 - Level 2.0 Spellcasting
 + Level 2.6 Conjurations
 - Level 4.0 Air Magic


You couldn't memorise any spells.
You knew the following spells:

 Your Spells              Type           Power        Failure   Level
a - Shock                 Conj/Air       44%          5%          1
b - Swiftness             Air            13%          6%          2
c - Static Discharge      Conj/Air       11%          17%         3

Your spell library contained the following spells:

 Spells                   Type           Power        Failure   Level
 Airstrike                Air            6%           38%         4
 Lightning Bolt           Conj/Air       5%           83%         5


Dungeon Overview and Level Annotations

Branches:
Dungeon (2/15)

Altars:


Innate Abilities, Weirdness & Mutations

You have a beak for a mouth.
You have claws for feet.


Message History

* * * LOW HITPOINT WARNING * * *
You feel sick. The adder completely misses you.
The adder bites you but does no damage.
You miss the adder. Your kick misses the adder. You peck the adder.
You kill the adder!
* * * LOW HITPOINT WARNING * * *
You feel sick.
A hobgoblin comes into view. It is wielding a +0 club.
It was a potion of invisibility.
You fade into invisibility!
You are very lightly contaminated with residual magic.
It was a potion of haste.
You feel yourself speed up.
* * * LOW HITPOINT WARNING * * *
You feel sick.
There is a lethal amount of poison in your body!
There is a lethal amount of poison in your body!
There is a lethal amount of poison in your body!
* * * LOW HITPOINT WARNING * * *
You feel sick.
You die...

#..####..####### .#.. #.##
##†## ... ## #..# >. ##.#
#.# ## #.##### ..# <#
#.....###.# .####
#####.....# ....###
###..##
.##...##########@.##
.##........#.......#
.......>..g.....##.##
#.####..####....##..#####
#..# ##...##..............
.#.######.#########.######
...............# .#
##.######......# .#
#..########...# .#


You could see a hobgoblin (wandering).

Vanquished Creatures
  2 adders (D:2)
  2 dart slugs (D:1)
  2 leopard geckos (D:2)
  A ball python (D:1)
  6 bats
  5 hobgoblins
  2 kobolds
  3 goblins (D:1)
  A rat (D:2)
24 creatures vanquished.

Notes
Turn   | Place    | Note
-------+----------+-------------------------------------------
     0 | D:1      | hatsuma the Tengu Air Elementalist began the quest for the
                  | Orb.
     0 | D:1      | Reached XP level 1. HP: 10/10 MP: 4/4
   201 | D:1      | Reached skill level 1 in Fighting
   300 | D:1      | Reached XP level 2. HP: 16/16 MP: 4/6
   303 | D:1      | Learned a level 2 spell: Swiftness
  1202 | D:2      | Reached XP level 3. HP: 20/22 MP: 5/7
  1245 | D:2      | Learned a level 3 spell: Static Discharge
  1321 | D:2      | Reached skill level 1 in Armour
  1418 | D:2      | HP: 1/22 [poisoned by an adder]
  1423 | D:2      | HP: 1/22 [poisoned by an adder]
  1427 | D:2      | Succumbed to an adder's poison

Illustrated notes

Levels and vault maps discovered:
D:1:      grunt_arrival_crossed_arrows, layout_loops_ring
D:2:      layout_rooms, lemuel_doored_altar, chequers_ecumenical_altar_simple,
          uniq_terence

Skill      XL: |  1  2  3 |
---------------+----------+-----
Fighting       | 1 2 |  2.4
Armour         | 1 |  1.0
Conjurations   | 2 |  2.6
Dodging        | |  2.1
Stealth        | |  2.0
Spellcasting   | |  2.0
Air Magic      | |  4.0

Action                   || total
-------------------------++-------
Melee: Whip              ||    31
       Kick              ||     7
       Unarmed           ||     1
       Peck              ||     4
 Cast: Shock             ||    22
       Swiftness         ||     2
  Use: Potion            ||     2
 Stab: Sleeping          ||     2
Armor: Robe              ||     4
Dodge: Dodged            ||    26
